SKY
MIAMI MARLINS @ CHICAGO WHITE SOX
07/19/2052
 
TOP OF THE 1ST
Miami Marlins batting - Pitching for Chicago White Sox : LHP Lyle Lundquist
Pitching: LHP Lyle Lundquist
Batting: RHB Shelly Banks 0-0: Ball
1-0: Ball
2-0: Ball
3-0: Called Strike
3-1: SOLO HOME RUN (Line Drive, 7LD, EV 95.6 MPH), Distance : 353 ft
Batting: RHB Tom Gula 0-0: Fly out, F8 (Flyball, 8RM, EV 94.4 MPH)
Batting: RHB Mathieu Joe 0-0: Ball
1-0: Ball
2-0: Called Strike
2-1: Foul Ball, location: 9LDF
2-2: Ground out 5-3 (Groundball, 56, EV 108.1 MPH)
Batting: LHB Elijah Mitchell 0-0: Ball
1-0: Foul Ball, location: 2F
1-1: Ball
2-1: Fly out, F7 (Flyball, 7LS, EV 95.6 MPH)
Top of the 1st over - 1 run, 1 hit, 0 errors, 0 left on base; Miami 1 - Chicago 0
BOTTOM OF THE 1ST
Chicago White Sox batting - Pitching for Miami Marlins : RHP Billy Ott
Pitching: RHP Billy Ott
Batting: LHB Noah DuBois 0-0: Foul Ball, location: 25F
0-1: Ball
1-1: Ball
2-1: Called Strike
2-2: Fly out, F7 (Flyball, 78S, EV 90.6 MPH)
Batting: SHB Ryder Speyer 0-0: Foul Ball, location: 23F
0-1: Ball
1-1: Foul Ball, location: 9LSFF
1-2: Ball
2-2: Ball
3-2: Fly out, F9 (Line Drive, 89M, EV 91.3 MPH)
Batting: SHB Cristopher Betancourt 0-0: Ball
1-0: Ball
2-0: Called Strike
2-1: Swinging Strike
2-2: Ball
3-2: Strikes out swinging
Bottom of the 1st over - 0 runs, 0 hits, 0 errors, 0 left on base; Miami 1 - Chicago 0
TOP OF THE 2ND
Miami Marlins batting - Pitching for Chicago White Sox : LHP Lyle Lundquist
Batting: RHB Matías Iñiguez 0-0: Ball
1-0: Ball
2-0: Called Strike
2-1: Ball
3-1: Ground out 5-3 (Groundball, 56, EV 101.9 MPH)
Batting: RHB Felix Suzuki 0-0: Ball
1-0: Ball
2-0: Ball
3-0: Called Strike
3-1: Foul Ball, location: 9LDF
3-2: SINGLE (Line Drive, 56D, EV 96.3 MPH)
Batting: LHB Joshua Roberts 0-0: Ground out 4-3 (Groundball, 34, EV 106.3 MPH)
Felix Suzuki to second
Batting: RHB Sam Calder 0-0: Swinging Strike
0-1: Swinging Strike
0-2: SINGLE (Line Drive, 7S, EV 96.3 MPH)
Felix Suzuki to third
Runner from 3rd tries for Home, SAFE, throw by LF to home
Batting: RHB Will McBee 0-0: Called Strike
0-1: Ball
1-1: SINGLE (Line Drive, 7S, EV 93.8 MPH)
Sam Calder to second
Batting: RHB Shelly Banks 0-0: Ball
1-0: Ball
2-0: Swinging Strike
2-1: Ball
3-1: Ground out 6-3 (Groundball, 6S, EV 83.1 MPH)
Top of the 2nd over - 1 run, 3 hits, 0 errors, 2 left on base; Miami 2 - Chicago 0
BOTTOM OF THE 2ND
Chicago White Sox batting - Pitching for Miami Marlins : RHP Billy Ott
Batting: RHB Shaun Ferguson 0-0: Swinging Strike
0-1: Ball
1-1: Called Strike
1-2: Ball
2-2: Strikes out looking
Batting: LHB Rocky Rafferty 0-0: Ball
1-0: Swinging Strike
1-1: Called Strike
1-2: Foul Ball, location: 5FF
1-2: Ball
2-2: Ground out 4-3 (Groundball, 4MS, EV 90.6 MPH)
Batting: RHB Roger Hall 0-0: Called Strike
0-1: Foul Ball, location: 9LSF
0-2: Strikes out swinging
Bottom of the 2nd over - 0 runs, 0 hits, 0 errors, 0 left on base; Miami 2 - Chicago 0
TOP OF THE 3RD
Miami Marlins batting - Pitching for Chicago White Sox : LHP Lyle Lundquist
Batting: RHB Tom Gula 0-0: Ball
1-0: Ball
2-0: Foul Ball, location: 5DF
2-1: Ball
3-1: Ground out 1-3 (Groundball, 15S, EV 68.8 MPH)
Batting: RHB Mathieu Joe 0-0: Ball
1-0: Ground out 5-3 (Groundball, 5, EV 90.6 MPH)
Batting: LHB Elijah Mitchell 0-0: Foul Ball, location: 25F
0-1: Ball
1-1: Fly out, F8 (Flyball, 8RS, EV 78.8 MPH)
Top of the 3rd over - 0 runs, 0 hits, 0 errors, 0 left on base; Miami 2 - Chicago 0
BOTTOM OF THE 3RD
Chicago White Sox batting - Pitching for Miami Marlins : RHP Billy Ott
Batting: SHB Eric Hughes 0-0: Called Strike
0-1: Ball
1-1: Foul Ball, location: 2F
1-2: Ball
2-2: Foul Ball, location: 23FF
2-2: Strikes out swinging
Batting: RHB Stanford Parker 0-0: Called Strike
0-1: Ball
1-1: Ball
2-1: Swinging Strike
2-2: Foul Ball, location: 5SF
2-2: Strikes out looking
Batting: LHB Rhett Bramwell 0-0: Foul Ball, location: 23F
0-1: Ball
1-1: Single, Error in OF, E9, batter to second base (Line Drive, 9S, EV 109.4 MPH)
Batting: LHB Noah DuBois 0-0: Ball
1-0: Foul Ball, location: 2LF
1-1: Ball
2-1: Foul Ball, location: 7LDF
2-2: Strikes out swinging
Bottom of the 3rd over - 0 runs, 1 hit, 1 error, 1 left on base; Miami 2 - Chicago 0
TOP OF THE 4TH
Miami Marlins batting - Pitching for Chicago White Sox : LHP Lyle Lundquist
Batting: RHB Matías Iñiguez 0-0: Ball
1-0: Ball
2-0: Ball
3-0: Called Strike
3-1: Fly out, F8 (Flyball, 8LD, EV 98.8 MPH)
Batting: RHB Felix Suzuki 0-0: Ball
1-0: Ball
2-0: Ball
3-0: Called Strike
3-1: Called Strike
3-2: Ground out U3 (Groundball, 34, EV 83.8 MPH)
Batting: LHB Joshua Roberts 0-0: SINGLE (Line Drive, 8RS, EV 91.9 MPH)
Batting: RHB Sam Calder 0-0: Ball
1-0: Ball
2-0: Ball
3-0: Base on Balls
Joshua Roberts to second
Batting: RHB Will McBee 0-0: Ball
1-0: Fielders Choice at 2nd, 6-4 (Groundball, 6, EV 86.3 MPH)
Top of the 4th over - 0 runs, 1 hit, 0 errors, 2 left on base; Miami 2 - Chicago 0
BOTTOM OF THE 4TH
Chicago White Sox batting - Pitching for Miami Marlins : RHP Billy Ott
Batting: SHB Ryder Speyer 0-0: Called Strike
0-1: Foul Ball, location: 2F
0-2: Ball
1-2: Ball
2-2: Foul Ball, location: 7LMF
2-2: Ball
3-2: SINGLE (Flyball, 3D, EV 88.8 MPH)
Batting: SHB Cristopher Betancourt 0-0: Fly out, F9 (Flyball, 9D, EV 105.0 MPH)
Batting: RHB Shaun Ferguson 0-0: Ball
1-0: Ball
2-0: Called Strike
2-1: Called Strike
2-2: Fly out, F5 (Popup, 6S, EV 68.8 MPH)
Batting: LHB Rocky Rafferty 0-0: Ball
1-0: Swinging Strike
1-1: Ball
2-1: Called Strike
2-2: Foul Ball, location: 7LSF
2-2: Strikes out swinging
Bottom of the 4th over - 0 runs, 1 hit, 0 errors, 1 left on base; Miami 2 - Chicago 0
TOP OF THE 5TH
Miami Marlins batting - Pitching for Chicago White Sox : LHP Lyle Lundquist
Batting: RHB Shelly Banks 0-0: Ball
1-0: SINGLE (Groundball, 6MS, EV 73.8 MPH) (infield hit)
Batting: RHB Tom Gula 0-0: Ball
1-0: Ball
2-0: Foul Ball, location: 2F
2-1: SINGLE (Line Drive, 34D, EV 102.5 MPH)
Shelly Banks to second
Batting: RHB Mathieu Joe 0-0: Ball
1-0: Foul Ball, location: 2F
1-1: Fly out, F6 (Popup, 6S, EV 78.1 MPH)
Batting: LHB Elijah Mitchell 0-0: Ball
1-0: Called Strike
1-1: Ball
2-1: Foul Ball, location: 7LMF
2-2: Strikes out swinging
Batting: RHB Matías Iñiguez 0-0: Fly out, F8 (Flyball, 8LD, EV 105.0 MPH)
Top of the 5th over - 0 runs, 2 hits, 0 errors, 2 left on base; Miami 2 - Chicago 0
BOTTOM OF THE 5TH
Chicago White Sox batting - Pitching for Miami Marlins : RHP Billy Ott
Batting: RHB Roger Hall 0-0: Called Strike
0-1: Ball
1-1: Foul Ball, location: 2F
1-2: Ball
2-2: Foul Ball, location: 9LSF
2-2: Foul Ball, location: 2F
2-2: Ball
3-2: Foul Ball, location: 5FF
3-2: DOUBLE (Line Drive, 89D, EV 108.1 MPH)
Batting: SHB Eric Hughes 0-0: Foul Ball, location: 2F
0-1: Swinging Strike
0-2: Ball
1-2: Strikes out looking
Batting: RHB Stanford Parker 0-0: Ball
1-0: Foul Ball, location: 2F
1-1: Ball
2-1: Ball
3-1: Called Strike
3-2: Foul Ball, location: 9LSF
3-2: Foul Ball, location: 5FF
3-2: Foul Ball, location: 9LMF
3-2: Base on Balls
Batting: LHB Rhett Bramwell 0-0: Called Strike
0-1: Swinging Strike
0-2: Ball
1-2: Foul Ball, location: 2F
1-2: Ball
2-2: Ball
Wild Pitch!
Roger Hall to third
Stanford Parker to second
3-2: Base on Balls
Pitching: RHP Greyson Tadic
Batting: LHB Noah DuBois 0-0: Called Strike
0-1: SINGLE (Groundball, 4D, EV 96.3 MPH)
Roger Hall scores
Stanford Parker to third
Rhett Bramwell to second
Batting: SHB Ryder Speyer 0-0: Called Strike
0-1: Swinging Strike
0-2: Strikes out swinging
Batting: SHB Cristopher Betancourt 0-0: Called Strike
0-1: Ball
1-1: Foul Ball, location: 25F
1-2: Foul Ball, location: 2F
1-2: Ball
2-2: Foul Ball, location: 2F
2-2: Fly out, F7 (Line Drive, 7, EV 86.3 MPH)
Bottom of the 5th over - 1 run, 2 hits, 0 errors, 3 left on base; Miami 2 - Chicago 1
TOP OF THE 6TH
Miami Marlins batting - Pitching for Chicago White Sox : LHP Lyle Lundquist
Batting: RHB Felix Suzuki 0-0: Ball
1-0: Called Strike
1-1: Foul Ball, location: 2F
1-2: Ball
2-2: Ball
3-2: Foul Ball, location: 9LDF
3-2: Foul Ball, location: 23F
3-2: Base on Balls
Batting: LHB Joshua Roberts 0-0: Fly out, F8 (Flyball, 8RXD, EV 108.8 MPH)
Runner from 1st tags up, OUT at 2nd! 8-6
Batting: RHB Sam Calder 0-0: Ball
1-0: DOUBLE (Flyball, 8LXD, EV 110.6 MPH)
Batting: RHB Will McBee 0-0: Called Strike
0-1: Ball
1-1: Ball
2-1: Ball
3-1: Swinging Strike
3-2: Base on Balls
Pitching: RHP Leland Stotts
Batting: RHB Shelly Banks 0-0: Ball
1-0: Foul Ball, location: 23F
1-1: Called Strike
1-2: Foul Ball, location: 2F
1-2: Ground out U3 (Groundball, 3, EV 105.0 MPH)
Top of the 6th over - 0 runs, 1 hit, 0 errors, 2 left on base; Miami 2 - Chicago 1
BOTTOM OF THE 6TH
Chicago White Sox batting - Pitching for Miami Marlins : RHP Greyson Tadic
Batting: RHB Shaun Ferguson 0-0: Called Strike
0-1: Ball
1-1: Foul Ball, location: 9LMF
1-2: Ball
2-2: Strikes out swinging
Batting: LHB Rocky Rafferty 0-0: Ball
1-0: Ball
2-0: Foul Ball, location: 7LSF
2-1: Ball
3-1: Base on Balls
Batting: RHB Roger Hall 0-0: 2-RUN HOME RUN (Flyball, 7D, EV 96.9 MPH), Distance : 369 ft
Batting: SHB Eric Hughes 0-0: Foul Ball, location: 9LSF
0-1: Swinging Strike
0-2: Foul Ball, location: 7LMF
0-2: Ground out 5-3 (Groundball, 5L, EV 86.9 MPH)
Batting: RHB Stanford Parker 0-0: Swinging Strike
0-1: Ball
1-1: Swinging Strike
1-2: Ball
2-2: Foul Ball, location: 3FF
2-2: Strikes out swinging
Bottom of the 6th over - 2 runs, 1 hit, 0 errors, 0 left on base; Miami 2 - Chicago 3
TOP OF THE 7TH
Miami Marlins batting - Pitching for Chicago White Sox : RHP Leland Stotts
Batting: RHB Tom Gula 0-0: Foul Ball, location: 2F
0-1: Foul Ball, location: 9LSF
0-2: Foul Ball, location: 3SF
0-2: Ball
1-2: Strikes out swinging
Batting: RHB Mathieu Joe 0-0: Ball
1-0: Ball
2-0: Foul Ball, location: 5SF
2-1: Ball
3-1: Swinging Strike
3-2: Strikes out swinging
Pitching: LHP Powell Beck
Batting: LHB Elijah Mitchell 0-0: Ball
1-0: Called Strike
1-1: Foul Ball, location: 2F
1-2: Ball
2-2: Ball
3-2: SOLO HOME RUN (Flyball, 7D, EV 96.9 MPH), Distance : 358 ft
Batting: RHB Matías Iñiguez 0-0: Ball
1-0: Ground out 5-3 (Groundball, 15, EV 89.4 MPH)
Top of the 7th over - 1 run, 1 hit, 0 errors, 0 left on base; Miami 3 - Chicago 3
BOTTOM OF THE 7TH
Chicago White Sox batting - Pitching for Miami Marlins : RHP Greyson Tadic
Batting: LHB Rhett Bramwell 0-0: Ball
1-0: Ball
2-0: Called Strike
2-1: Foul Ball, location: 7LMF
2-2: Foul Ball, location: 5SF
2-2: Ball
3-2: Foul Ball, location: 2F
3-2: SINGLE (Groundball, 6M, EV 87.5 MPH) (infield hit)
Pitching: RHP Kato McGuffie
Batting: LHB Noah DuBois 0-0: Ball
1-0: Grounds into double play, 4-6-3 (Groundball, 4, EV 107.5 MPH)
Batting: SHB Ryder Speyer 0-0: Ball
1-0: Called Strike
1-1: Foul Ball, location: 9LMF
1-2: Foul Ball, location: 2F
1-2: Ball
2-2: Foul Ball, location: 7LDF
2-2: Foul Ball, location: 2F
2-2: Ball
3-2: Foul Ball, location: 2F
3-2: SINGLE (Line Drive, 78S, EV 102.5 MPH)
Batting: SHB Cristopher Betancourt 0-0: Foul Ball, location: 2LF
0-1: Called Strike
0-2: Foul Ball, location: 3SF
0-2: Foul Ball, location: 23F
0-2: Fly out, F8 (Flyball, 78M, EV 93.1 MPH)
Bottom of the 7th over - 0 runs, 2 hits, 0 errors, 1 left on base; Miami 3 - Chicago 3
TOP OF THE 8TH
Miami Marlins batting - Pitching for Chicago White Sox : LHP Powell Beck
Batting: RHB Felix Suzuki 0-0: Fly out, F6 (Popup, 56D, EV 62.5 MPH)
Batting: LHB Joshua Roberts 0-0: Ball
1-0: Called Strike
1-1: Fly out, F5 (Line Drive, 5, EV 65.0 MPH)
Batting: RHB Sam Calder 0-0: Ball
1-0: Fly out, F7 (Flyball, 7, EV 93.1 MPH)
Top of the 8th over - 0 runs, 0 hits, 0 errors, 0 left on base; Miami 3 - Chicago 3
BOTTOM OF THE 8TH
Chicago White Sox batting - Pitching for Miami Marlins : RHP Kato McGuffie
Batting: RHB Shaun Ferguson 0-0: Fly out, F7 (Flyball, 7LS, EV 78.8 MPH)
Batting: LHB Rocky Rafferty 0-0: Ball
1-0: Called Strike
1-1: Ball
2-1: Ball
3-1: Swinging Strike
3-2: Foul Ball, location: 3F
3-2: Foul Ball, location: 2F
3-2: Strikes out swinging
Batting: RHB Roger Hall 0-0: Ball
1-0: SINGLE (Line Drive, 7S, EV 103.1 MPH)
Batting: SHB Eric Hughes 0-0: Called Strike
0-1: Ball
1-1: Called Strike
1-2: Ball
2-2: Ball
3-2: Base on Balls
Roger Hall to second
Pinch Hitting: SHB Logan McKinnie 0-0: Called Strike
0-1: Ball
1-1: Ball
2-1: Ground out 4-3 (Groundball, 4, EV 98.8 MPH)
Bottom of the 8th over - 0 runs, 1 hit, 0 errors, 2 left on base; Miami 3 - Chicago 3
TOP OF THE 9TH
Miami Marlins batting - Pitching for Chicago White Sox : LHP Powell Beck
Now at SS: José Carbajal
Batting: RHB Will McBee 0-0: Called Strike
0-1: Ball
1-1: Ball
2-1: Ball
3-1: Ground out 6-3 (Groundball, 4M, EV 106.9 MPH)
Batting: RHB Shelly Banks 0-0: Fly out, F3 (Popup, 3SF, EV 75.0 MPH)
Batting: RHB Tom Gula 0-0: Called Strike
0-1: Ground out 6-3 (Groundball, 6M, EV 91.9 MPH)
Top of the 9th over - 0 runs, 0 hits, 0 errors, 0 left on base; Miami 3 - Chicago 3
BOTTOM OF THE 9TH
Chicago White Sox batting - Pitching for Miami Marlins : RHP Kato McGuffie
Pitching: RHP Fraser Tezak
Batting: LHB Rhett Bramwell 0-0: Ball
1-0: Ball
2-0: Ball
3-0: Called Strike
3-1: Base on Balls
Batting: LHB Noah DuBois 0-0: Called Strike
0-1: Foul Ball, location: 2F
0-2: Ball
1-2: Foul Ball, location: 3SF
1-2: Fielders Choice at 2nd, 3-6 (Groundball, 3S, EV 86.9 MPH)
Batting: SHB Ryder Speyer 0-0: Called Strike
0-1: Swinging Strike
0-2: Strikes out swinging
Batting: SHB Cristopher Betancourt 0-0: Ball
1-0: Ball
2-0: Ball
3-0: Base on Balls
Noah DuBois to second
Batting: RHB Shaun Ferguson 0-0: Ball
1-0: SINGLE (Groundball, 5S, EV 69.4 MPH) (infield hit)
Noah DuBois to third
Cristopher Betancourt to second
Batting: LHB Rocky Rafferty 0-0: Ball
1-0: Ball
2-0: Ball
3-0: Base on Balls
Noah DuBois scores
Cristopher Betancourt to third
Shaun Ferguson to second
Bottom of the 9th over - 1 run, 1 hit, 0 errors, 3 left on base; Miami 3 - Chicago 4
Monday, April 29th , 2024 - OOTP Baseball 24.11 Build 85